 Dungeon Crawl Stone Soup version 0.18.2-3-g5ac21b8443 (webtiles) character file.

145 WhyTry the Sneak (level 5, -8/54 HPs)
             Began as an Octopode Assassin on Apr 7, 2022.
             Killed by divine providence
             ... invoked by an orc priest
              (10 damage)
             ... on level 3 of the Dungeon.
             The game lasted 00:10:06 (1800 turns).

WhyTry the Sneak (Octopode Assassin)                Turns: 1800, Time: 00:10:06

Health: -8/54      AC: 22    Str:  7 (10) XL:     5   Next: 27%
Magic:  5/5        EV:  2    Int: 12 (13) God:
Gold:   100        SH:  0    Dex: 14 (15) Spells: 0 memorised, 4 levels left

rFire  . . .     SeeInvis .     a - +2 dagger
rCold  . . .     Gourm    .     (no shield)
rNeg   + + +     Faith    .     (helmet currently unavailable)
rPois  +         Spirit   .     k - amulet of rage
rElec  .         Dismiss  .     e - ring of poison resistance
rCorr  .         Reflect  .     (no ring)
SustAt .         Harm     .     (no ring)
MR     .....     NoTele   +     (no ring)
Stlth  ++++......               (no ring)
                                (no ring)
                                (no ring)
                                (no ring)

@: tree-form, not resistant to hostile enchantments, stealthy
A: almost no armour, (amphibious), 8 rings, (constrict 8), (camouflage 0),
(gelatinous body 0)
a: Evoke Berserk Rage


You were on level 3 of the Dungeon.
You were not hungry.
You were a tree.
You visited 1 branch of the dungeon, and saw 3 of its levels.

You collected 100 gold pieces.

Inventory:

Hand Weapons
 a - a +2 dagger (weapon)
 b - a +0 blowgun
 o - a +0 spear
 r - a +0 long sword
 w - a +2 long sword of distortion
 z - a +0 trident
Missiles
 c - 41 poisoned needles
 d - 2 curare-tipped needles
 h - 55 stones (quivered)
 m - 22 arrows
 t - 18 bolts
Jewellery
 e - a ring of poison resistance (left branch)
 k - an amulet of rage (around neck)
 u - a cursed -3 ring of protection {unknown}
 y - a +3 ring of dexterity {unknown}
Wands
 s - a wand of lightning (11/15)
Scrolls
 g - 5 scrolls of identify {unknown}
 j - a scroll of fear {unknown}
 l - a scroll of remove curse {unknown}
 q - 2 scrolls of immolation {unknown}
Potions
 i - a potion of lignification
 v - a potion of degeneration
 x - a potion of haste {unknown}
Comestibles
 f - 3 bread rations
 n - a royal jelly
 p - 6 chunks of flesh


   Skills:
 - Level 3.1 Fighting
 - Level 2.0 Short Blades
 - Level 2.0 Throwing
 + Level 4.2 Dodging
 - Level 5.3 Stealth


You had 4 spell levels left.
You didn't know any spells.

Dungeon Overview and Level Annotations

Branches:
Dungeon (3/15)

Altars:

Annotations:
D:1 exclusions: gnoll and kobold


Innate Abilities, Weirdness & Mutations

You cannot wear most types of armour.
((You are amphibious.))
You can wear up to eight rings at the same time.
((You can use your tentacles to constrict eight enemies at once.))
((Your skin changes colour to match your surroundings (Stealth).))
((Your rubbery body absorbs attacks (AC +1).))


Message History

The orc priest is lightly wounded.
The orc priest hits you but does no damage.
The rat bites you but does no damage.
You hit the orc priest.
The orc priest is heavily wounded.
The orc priest hits you but does no damage.
The rat bites you but does no damage.
You hit the orc priest but do no damage.
The orc priest is heavily wounded.
The orc priest invokes the aid of Beogh against you.
Beogh smites you!
* * * LOW HITPOINT WARNING * * *
The rat bites you but does no damage.
Drink which item? (? for menu, Esc to quit)
It was a potion of degeneration.
There was something very wrong with that liquid.
You feel weakened.
You feel dopey.
You feel clumsy.
The orc priest calls down the wrath of Beogh upon you.
Beogh smites you!
You die...

#....g..........S..#
#............g.....####
#.................!#..
#................!.#.####
###...........# #.#.......
..............# #.#.$.....
###.###.#########.#..†....
#.###.o..)[......÷......
#......r♣#########.......
#........................
#........................
##.######.....[..$.......
#. ##########....... #
#......h ########


You could see an orc priest and a rat.

Vanquished Creatures
  An orc priest (D:3)
  An orc wizard (D:3)
  A gnoll (D:1)
  An adder (D:3)
  A dart slug (D:1)
  3 giant geckos
  2 orcs (D:3)
  5 giant cockroaches
  4 goblins
  8 hobgoblins
  7 jackals
  7 bats
  3 giant newts (D:1)
  6 kobolds
  5 rats
55 creatures vanquished.

Notes
Turn   | Place    | Note
--------------------------------------------------------------
     0 | D:1      | WhyTry the Octopode Assassin began the quest for the Orb.
     0 | D:1      | Reached XP level 1. HP: 14/14 MP: 1/1
   239 | D:1      | Reached XP level 2. HP: 19/19 MP: 2/2
   353 | D:1      | Reached XP level 3. HP: 24/24 MP: 3/3
  1301 | D:2      | Reached XP level 4. HP: 26/29 MP: 4/4
  1781 | D:3      | Reached XP level 5. HP: 26/35 MP: 5/5
  1799 | D:3      | HP: 1/54 [orc priest/divine providence (11)]
  1800 | D:3      | Killed from afar by an orc priest

Skill      XL: |  1  2  3  4  5 |
---------------+----------------+-----
Dodging        | 2 3 4 |  4.2
Fighting       | 3 |  3.1
Short Blades   | |  2.0
Throwing       | |  2.0
Stealth        | |  5.3

Action                   |  1- 3 |  4- 6 || total
-------------------------+-------+-------++-------
Melee: Dagger            |    67 |    56 ||   123
       Constrict         |    16 |    11 ||    27
       Tentacles         |     7 |     8 ||    15
Throw: Stone             |     2 |       ||     2
  Use: Potion            |       |     2 ||     2
 Stab: Sleeping          |    15 |     2 ||    17
  Eat: Chunk             |     1 |     2 ||     3
Armor: Skin              |     6 |    11 ||    17
Dodge: Dodged            |    24 |    29 ||    53
